 Dungeon Crawl Stone Soup version 0.27-a0-223-ge082b6e869 (webtiles) character file.

Game seed: 17760153073273151473

548 KristoblXynda the Slasher (level 7, -23/59 HPs)
             Began as a Black Draconian Fighter on Feb 1, 2021.
             Annihilated by an ogre
             ... wielding a +0 giant spiked club
              (27 damage)
             ... on level 4 of the Dungeon.
             The game lasted 00:04:51 (2816 turns).

KristoblXynda the Slasher (Black Draconian Fighter) Turns: 2816, Time: 00:04:52

Health: -23/59     AC:  7    Str: 18    XL:     7   Next: 7%
Magic:  7/7        EV: 11    Int: 11    God:
Gold:   114        SH:  9    Dex: 10    Spells: 6/6 levels left

rFire    . . .     SeeInvis .   j - +2 short sword (speed)
rCold    . . .     Faith    .   b - +0 kite shield
rNeg     . . .     Spirit   .   (armour unavailable)
rPois    .         Reflect  .   (helmet restricted)
rElec    +         Harm     .   o - +0 cloak
rCorr    .         Rampage  .   (no gloves)
Will     .....                  (no boots)
Stlth    +.........             (no amulet)
HPRegen  0.19/turn              (no ring)
MPRegen  0.10/turn              (no ring)

@: short of breath
A: breathe lightning, unfitting armour, electricity resistance, cold-blooded, AC
+6
a: Breathe Lightning


You were on level 4 of the Dungeon.
You visited 1 branch of the dungeon, and saw 4 of its levels.

You collected 114 gold pieces.

Inventory:

Hand Weapons
 a - a +0 long sword
 j - a +2 short sword of speed (weapon)
Armour
 b - a +0 kite shield (worn)
 o - a +0 cloak (worn)
Jewellery
 h - an uncursed amulet of magic regeneration
Scrolls
 d - a scroll of noise {unknown}
 i - a scroll of teleportation {unknown}
 k - 2 scrolls of magic mapping {unknown}
 l - a scroll of identify
 n - 2 scrolls of remove curse
 p - 2 scrolls of fog
Potions
 c - 3 potions of might
 e - a potion of curing {unknown}
 f - a potion of flight
 g - a potion of resistance
 m - a potion of brilliance {unknown}
 q - a potion of haste
 r - a potion of degeneration {unknown}


   Skills:
 - Level 4.0 Fighting
 * Level 5.2 Long Blades
 + Level 4.4 Dodging
 + Level 4.7 Shields


You had 6 spell levels left.
You didn't know any spells.
Your spell library was empty.

Dungeon Overview and Level Annotations

Branches:
Dungeon (4/15)
 Temple: D:4-7

Altars:
Okawaru


Innate Abilities, Weirdness & Mutations

You can breathe wild blasts of lightning.
Your glossy black scales are hard. (AC +6)
You cannot fit into any form of body armour.
You are resistant to electric shocks. (rElec)
You are cold-blooded and may be slowed by cold attacks.


Message History

You breathe a wild blast of lightning!
The orb of electricity explodes!
The orb of electricity engulfs the frilled lizard!!
You kill the frilled lizard!
The orb of electricity engulfs the ogre!
The ogre is severely wounded.
The orb of electricity engulfs the howler monkey!
The howler monkey is heavily wounded.
The orb of electricity engulfs you! You resist.
* * * LOW HITPOINT WARNING * * *
You hear a mighty clap of thunder!
The bolt of lightning misses you.
You hear a shout! x2
Unknown command.
Unknown command.
The howler monkey hoots and howls with incredible vigour!
You hear a shout!
You hit the ogre.
The ogre is severely wounded.
The ogre hits you with a +0 giant spiked club!!
You die...

#.............#
#.............#
#............##
#............#
#............#
##...........##
##............# .
##..##........### ..
###@.#######......##
... ##hO###
######... ....
##..## #### .....
###.(## ......#..###
.......†## #
......#.# # .....
#.# # .... ..# #


You could see an ogre and a howler monkey (catching breath).

Vanquished Creatures
  Sigmund (D:3)
  An ogre (D:4)
  A scorpion (D:4)
  A hound (D:4)
  An orc priest (D:4)
  A worker ant (D:4)
  3 gnolls (D:3)
  4 adders
  3 oozes
  A worm (D:2)
  A dart slug (D:3)
  4 leopard geckos
  13 orcs
  A ball python (D:3)
  7 bats
  5 giant cockroaches
  8 goblins
  5 hobgoblins
  A quokka (D:2)
  10 frilled lizards
  3 kobolds
  A leopard gecko skeleton (D:4)
  11 rats
87 creatures vanquished.

Notes
Turn   | Place    | Note
-------+----------+-------------------------------------------
     0 | D:1      | KristoblXynda the Draconian Fighter began the quest for the
                  | Orb.
     0 | D:1      | Reached XP level 1. HP: 19/19 MP: 1/1
   169 | D:1      | Reached XP level 2. HP: 26/26 MP: 2/2
   726 | D:2      | Reached XP level 3. HP: 23/31 MP: 3/3
  1375 | D:3      | Reached XP level 4. HP: 36/40 MP: 4/4
  1395 | D:3      | Reached skill level 3 in Long Blades
  1743 | D:3      | Noticed Sigmund
  1791 | D:3      | Killed Sigmund
  1792 | D:3      | Reached skill level 4 in Long Blades
  1792 | D:3      | Reached XP level 5. HP: 43/46 MP: 5/5
  1792 | D:3      | Reached XP level 6. HP: 49/52 MP: 6/6
  1876 | D:3      | Found a faded altar of an unknown god.
  2608 | D:4      | Found an iron altar of Okawaru.
  2634 | D:4      | Reached skill level 5 in Long Blades
  2634 | D:4      | Your scales start taking on a glossy black colour.
  2634 | D:4      | Reached XP level 7. HP: 27/59 MP: 7/7
  2634 | D:4      | Gained mutation: You are resistant to electric shocks.
                  | (rElec) [Black Draconian growth]
  2816 | D:4      | Annihilated by an ogre

Illustrated notes

Levels and vault maps discovered:
D:1:      lemuel_arrival_rhombus, layout_basic
D:2:      layout_basic, minmay_pentomino_o4
D:3:      layout_basic, chequers_ecumenical_altar_island,
          kennysheep_decorative_pillar, uniq_sigmund
D:4:      layout_cave_pods, serial_shops, nicolae_shop_statue_plus,
          small_statue_intersection, okawaru_ov_weapons_minmay, uniq_edmund

Skill      XL: |  1  2  3  4  5  6 |
---------------+-------------------+-----
Dodging        | 3 4 |  4.4
Fighting       | 4 |  4.0
Long Blades    | 4 5 |  5.2
Shields        | 4 |  4.7

Action                   |  1- 3 |  4- 6 |  7- 9 || total
-------------------------+-------+-------+-------++-------
Melee: Long sword        |    42 |       |       ||    42
       Tailslap          |    10 |    18 |     1 ||    29
       Short sword       |    54 |   171 |    23 ||   248
 Abil: Breathe Lightning |       |       |     1 ||     1
  Use: Scroll            |       |     7 |       ||     7
       Potion            |       |     1 |     1 ||     2
 Stab: Sleeping          |     1 |       |       ||     1
Armor: Skin              |    20 |    44 |     3 ||    67
Dodge: Dodged            |    51 |    51 |     4 ||   106
Block: Kite shield       |    43 |    52 |     5 ||   100
       Rpst.: Long sword |    13 |       |       ||    13

Table legend: (Time is in decaauts)
 A = Elapsed time spent in this place.
 B = Non-inter-level travel time spent in this place.
 C = Inter-level travel time spent in this place.
 D = Time resting spent in this place.
 E = Time spent auto-exploring this place.
 F = Levels seen in this place.
 G = Mean time per level.
                   A        B        C        D        E       F      G
               +--------+--------+--------+--------+--------+-----+--------+
         Total |   2814 |   2789 |     25 |    258 |   1767 |   4 |  703.5 |
       Dungeon |   2814 |   2789 |     25 |    258 |   1767 |   4 |  703.5 |
               +--------+--------+--------+--------+--------+-----+--------+

Top non-repeatable levels by time:
     D:3: 945 daAuts
     D:1: 725 daAuts
     D:2: 638 daAuts
     D:4: 505 daAuts
